 Dungeon Crawl Stone Soup version 0.25-a0-443-gece2dee8bd (webtiles) character file.

Game seed: 7692430084725288423, levelgen mode: classic

7140 Laiders72 the Basher (level 11, 0/90 HPs)
             Began as a Formicid Fighter on June 11, 2019.
             Was a Follower of Ru.
             Slain by an eight-headed hydra (11 damage)
             ... on level 9 of the Dungeon on Jan 30, 2020.
             The game lasted 00:30:37 (9155 turns).

Laiders72 the Basher (Formicid Fighter)             Turns: 9155, Time: 00:30:38

Health: 0/90       AC: 13    Str: 22    XL:     11   Next: 31%
Magic:  0/11       EV: 11    Int:  7    God:    Ru [*.....]
Gold:   600        SH: 12    Dex: 18    Spells: 10/10 levels left

rFire    . . .     SeeInvis +   b - +5 flail
rCold    . . .     Gourm    .   c - +0 shield
rNeg     . . .     Faith    .   B - +0 plate armour
rPois    +         Spirit   +   (helmet unavailable)
rElec    .         Reflect  .   m - scarf {Spirit}
rCorr    .         Harm     .   d - +1 pair of gloves
MR       +....                  (no boots)
Stlth    ..........             (no amulet)
HPRegen  0.25/turn              h - ring of stealth
MPRegen  0.12/turn              q - ring of poison resistance

@: agile
A: permanent stasis, dig shafts and tunnels, four strong arms, antennae 3, no
hexes magic, no poison magic, no translocations magic
a: Dig, Shaft Self, Renounce Religion


You were on level 9 of the Dungeon.
You worshipped Ru.
Ru was aware of your devotion.
You were not hungry.

You visited 3 branches of the dungeon, and saw 12 of its levels.
You also visited: Ossuary.

You collected 600 gold pieces.

Inventory:

Hand Weapons
 b - a +5 flail (weapon)
 A - the cursed +1 whip "Byipy" {venom, MR++ Str+2 Int+2 Stlth-}
   (You found it on level 7 of the Dungeon)

   It poisons the flesh of those it strikes.
   It affects your strength (+2).
   It affects your intelligence (+2).
   It affects your resistance to hostile enchantments.
   It makes you less stealthy.
   It has a curse placed upon it.
 E - a +1 whip of electrocution
Missiles
 i - 141 arrows
 n - 34 poisoned darts (quivered)
 o - 7 boomerangs
Armour
 c - a +0 shield (worn)
 d - a +1 pair of gloves (worn)
 m - a scarf of spirit shield (worn)
 B - a +0 plate armour (worn)
 L - a +0 cloak of poison resistance
Jewellery
 h - a ring of stealth (left hand)
 q - a ring of poison resistance (right hand)
Wands
 e - a wand of digging (12)
 v - a wand of iceblast (5)
 D - a wand of acid (11)
 F - a wand of random effects (16)
 K - a wand of flame (17)
 M - a wand of disintegration (11)
 P - a wand of paralysis (6)
Scrolls
 a - a scroll of noise {unknown}
 k - a scroll of silence {unknown}
 l - 3 scrolls of enchant weapon
 p - 3 scrolls of magic mapping
 t - a scroll of amnesia
 u - a scroll of remove curse
 y - a scroll of fear {unknown}
 z - 2 scrolls of enchant armour
 I - a scroll of identify
 N - a scroll of fog {unknown}
Potions
 j - a potion of invisibility {unknown}
 r - a potion of ambrosia {unknown}
 s - 3 potions of curing
 w - 4 potions of brilliance
 x - 4 potions of agility
 C - a potion of cancellation {unknown}
 G - a potion of lignification {unknown}
 H - 2 potions of haste {unknown}
 J - a potion of flight {unknown}
 R - a potion of berserk rage {unknown}
Miscellaneous
 O - a phial of floods
Comestibles
 f - 20 rations
 Q - 2 chunks of flesh


   Skills:
 - Level 10.1 Fighting
 * Level 12.3 Maces & Flails
 - Level 3.2 Armour
 - Level 9.1 Shields


You had 10 spell levels left.
You didn't know any spells.
Your spell library contained the following spells:

 Spells                   Type           Power        Failure   Level  Hunger
 Petrify                  Tmut/Erth      #.......     100%        4    #####..
 Confusing Touch          Hex            Unusable     N/A         3    N/A
 Gell's Gravitas          Tloc           Unusable     N/A         3    N/A
 Metabolic Englaciation   Hex/Ice        Unusable     N/A         5    N/A
 Yara's Violent Unravell  Hex/Tmut       Unusable     N/A         5    N/A

Dungeon Overview and Level Annotations

Branches:
Dungeon (10/15)            Temple (1/1) D:7            Lair (1/6) D:9
    Orc: D:9-12

Altars:
Ashenzari
Cheibriados
Dithmenos
Elyvilon
Fedhas
Gozag
Kikubaaqudgha
Makhleb
Nemelex Xobeh
Qazlal
Ru
Sif Muna
Trog
Vehumet
Zin

Shops:
D:4 (   D:5 }

Annotations:
D:8 2 transporters


Innate Abilities, Weirdness & Mutations

You cannot be hasted, slowed, berserked, paralysed or teleported.
You can dig through walls and to a lower floor.
Your four strong arms can wield two-handed weapons with a shield.
You have a pair of large antennae on your head. (SInv)
You cannot study or cast Hexes magic.
You cannot study or cast Poison magic.
You cannot study or cast Translocations magic.


Message History

The eight-headed hydra bites you. The eight-headed hydra bites you!
You see here a +0 giant spiked club.
You feel agile all of a sudden.
The eight-headed hydra bites you but does no damage.
You block the eight-headed hydra's attack. x2
The eight-headed hydra bites you but does no damage. x2
The eight-headed hydra closely misses you.
The eight-headed hydra bites you.
* * * LOW HITPOINT WARNING * * *
The eight-headed hydra closely misses you.
You sock the eight-headed hydra!
The eight-headed hydra is moderately wounded.
The eight-headed hydra bites you.
* * * LOW HITPOINT WARNING * * *
The eight-headed hydra bites you but does no damage.
The eight-headed hydra bites you!
* * * LOW HITPOINT WARNING * * *
The eight-headed hydra bites you but does no damage. x2
The eight-headed hydra bites you!
You die...

######.......##...#######...#
#..####.....#...≈...#..#
#..#..........#...#....#
#..#.##......##.P.##...# ########
#........#.#..PPPPP..#.. .......#
##......##.#≈.P.>PP.≈#.. ######.#
###.##.#..#..P.PP...#.# # #.#
#.##.#....##...##...# # #.#
#...@D.)...#...#....# # #.#
###...#..#...≈...#... #.#
#...#...#######(.[# ###(#
#...##### #.# ##.#.
####...########...#######.# ##.#
#.......##.............##.#####.#
..##.##...................##.....
#.##.##..#.............#####.##.#
#.##.##..######...###### #....#


You could see an eight-headed hydra.

Vanquished Creatures
  3 two-headed ogres
  Maurice (D:8)
  Prince Ribbit (D:9)
  A hungry ghost (D:8)
  A steam dragon (D:8)
  Menkaure (D:4)
  A water moccasin (D:8)
  3 black bears
  2 orc warriors
  2 sky beasts
  3 phantoms
  6 ogres
  A centaur (D:7)
  2 crocodiles
  A big kobold (D:8)
  6 elf zombies (Ossuary)
  4 bullfrogs
  A scorpion (D:6)
  A water moccasin skeleton (D:5)
  3 wights (D:6)
  4 howler monkeys
  5 centaur zombies (Ossuary)
  6 crimson imps
  A bullfrog zombie (D:3)
  A quasit (D:8)
  4 hounds
  A human zombie (Ossuary)
  7 orc priests
  11 orc wizards
  A bullfrog skeleton (D:7)
  An iguana (D:7)
  4 worker ants
  A killer bee zombie (D:9)
  3 mummies (Ossuary)
  3 gnolls (D:8)
  8 adders
  A shadow imp (D:9)
  An ooze (D:3)
  2 adder skeletons
  A worm (D:2)
  A dart slug (D:2)
  3 leopard geckos
  27 orcs
  2 bats
  3 giant cockroaches
  5 goblins
  A hobgoblin (D:1)
  8 jackals
  15 kobolds
  3 quokkas
  16 frilled lizards
  A jackal zombie (D:8)
  A quokka skeleton (D:7)
  2 rats
198 creatures vanquished.

Vanquished Creatures (others)
  An orc wizard (D:5)
1 creature vanquished.

Grand Total: 199 creatures vanquished

Notes
Turn   | Place    | Note
-------+----------+-------------------------------------------
     0 | D:1      | Laiders72 the Formicid Fighter began the quest for the Orb.
     0 | D:1      | Reached XP level 1. HP: 18/18 MP: 1/1
   257 | D:1      | Reached XP level 2. HP: 23/24 MP: 2/2
   458 | D:1      | Found a shattered altar of Ashenzari.
  1072 | D:2      | Reached XP level 3. HP: 9/29 MP: 1/3
  1611 | D:2      | Reached skill level 3 in Maces & Flails
  1846 | D:3      | Found a glowing silver altar of Zin.
  1857 | D:3      | Reached XP level 4. HP: 16/37 MP: 1/4
  2034 | D:3      | Reached XP level 5. HP: 36/42 MP: 5/5
  2542 | D:4      | Found a deep blue altar of Sif Muna.
  2632 | D:4      | Found the +8 demon trident "Rift" {distort, reach+}
  2721 | D:4      | Reached skill level 4 in Maces & Flails
  3040 | D:4      | Reached XP level 6. HP: 48/49 MP: 6/6
  3109 | D:4      | Noticed Menkaure
  3133 | D:4      | Killed Menkaure
  3133 | D:4      | Reached skill level 5 in Shields
  3432 | D:4      | Found Ligriole's Weapon Emporium.
  3474 | D:5      | Entered Level 5 of the Dungeon
  3505 | D:5      | HP: 2/49 [orc wizard/puff of frost (6)]
  3510 | D:5      | Reached skill level 5 in Maces & Flails
  3510 | D:5      | Reached XP level 7. HP: 23/55 MP: 7/7
  3517 | D:5      | Reached skill level 5 in Fighting
  3920 | D:5      | Found a radiant altar of Vehumet.
  4071 | D:5      | Found Rauteof's Gadget Emporium.
  4214 | D:5      | Found a bloodstained altar of Trog.
  4351 | D:6      | Found an opulent altar of Gozag.
  4407 | D:6      | Reached skill level 6 in Maces & Flails
  4407 | D:6      | Reached XP level 8. HP: 40/63 MP: 8/8
  4805 | D:6      | Reached skill level 7 in Maces & Flails
  5103 | D:6      | Found an ancient bone altar of Kikubaaqudgha.
  5420 | D:6      | Found a blossoming altar of Fedhas.
  5495 | D:6      | Reached XP level 9. HP: 44/71 MP: 9/9
  6042 | D:7      | Reached skill level 8 in Maces & Flails
  6045 | D:7      | Found a staircase to the Ecumenical Temple.
  6090 | D:7      | Found a shadowy altar of Dithmenos.
  6097 | D:7      | Got a translucent whip
  6098 | D:7      | Identified the cursed +1 whip "Byipy" {venom, MR++ Str+2
                  | Int+2 Stlth-} (You found it on level 7 of the Dungeon)
  6438 | Temple   | Entered the Ecumenical Temple
  6447 | Temple   | Became a worshipper of Ru the Awakened
  6518 | D:7      | Found a sand-covered staircase.
  6523 | Ossuary  | Entered an ossuary
  6632 | Ossuary  | Reached skill level 9 in Maces & Flails
  6958 | D:7      | Reached XP level 10. HP: 62/80 MP: 8/10
  7113 | D:7      | Upgraded the game from 0.24-a0-420-g24607be9ce to
                  | 0.25-a0-443-gece2dee8bd
  7187 | D:8      | Noticed a two-headed ogre
  7206 | D:8      | Killed a two-headed ogre
  7206 | D:8      | Reached skill level 10 in Maces & Flails
  7398 | D:8      | Noticed Maurice
  7422 | D:8      | Killed Maurice
  7880 | D:8      | Found a snail-covered altar of Cheibriados.
  7881 | D:8      | Found a transporter.
  7882 | D:8      | Found a white marble altar of Elyvilon.
  7882 | D:8      | Noticed a fire dragon
  7884 | D:8      | Found a transporter.
  7894 | D:8      | Gained mutation: You cannot study or cast Poison magic. [Ru
                  | sacrifice]
  7894 | D:8      | Gained mutation: You cannot study or cast Hexes magic. [Ru
                  | sacrifice]
  7894 | D:8      | Gained mutation: You cannot study or cast Translocations
                  | magic. [Ru sacrifice]
  7894 | D:8      | Reached * piety under Ru
  7990 | D:8      | Reached skill level 11 in Maces & Flails
  8019 | D:8      | Noticed a two-headed ogre
  8035 | D:8      | Killed a two-headed ogre
  8049 | D:8      | Reached XP level 11. HP: 42/89 MP: 7/11
  8436 | D:9      | Found a staircase to the Lair.
  8773 | D:9      | Found a burning altar of Makhleb.
  8859 | D:9      | Noticed Prince Ribbit
  8864 | D:9      | Killed Prince Ribbit
  8864 | D:9      | Reached skill level 12 in Maces & Flails
  8969 | D:9      | Noticed a two-headed ogre
  8989 | D:9      | Killed a two-headed ogre
  8989 | D:9      | Reached skill level 10 in Fighting
  9065 | D:10     | Entered Level 10 of the Dungeon
  9103 | Lair:1   | Entered Level 1 of the Lair of Beasts
  9128 | Lair:1   | Noticed an eight-headed hydra
  9155 | D:9      | Slain by an eight-headed hydra

Levels and vault maps discovered:
D:1:      psy_arrival_dodecagon, layout_loops_corners, kennysheep_crisscross,
          evilmike_ruin_ashenzari
D:2:      layout_loops_cross
D:3:      layout_basic, old_standard_altar, first_ration, minmay_lizard_king
D:4:      cheibrodos_pilgrimage, layout_basic, kennysheep_mini_moat,
          serial_shops, shop, uniq_menkaure
D:5:      layout_loops_ring, vehumet_crystals, lemuel_coloured_pillars_altar,
          kennysheep_small_circle
D:6:      layout_cave_pools, grunt_temple_overflow_growth_and_decay,
          grunt_gozag_breadcrumbs, kennysheep_windowed_goal
D:7:      layout_basic, old_standard_altar, minmay_temple_entry_tees,
          enter_ossuary_2
D:8:      layout_loops_ring, gammafunk_temple_overflow_arena, uniq_maurice
D:9:      layout_loops_cross, dpeg_oklobed_lair, basic_altar,
          uniq_prince_ribbit1
D:10:     minmay_thinvault, layout_loops_corners
Temple:   chequers_temple_sunken
Lair:1:   layout_regular_city, beast_lair_carwin_4, grunt_megastairs_4,
          serial_bayou_shore_b, lemuel_fruit_tree

Skill      XL: |  1  2  3  4  5  6  7  8  9 10 11 |
---------------+----------------------------------+-----
Shields        | 4 5 6 7 8 9 |  9.1
Maces & Flails | 3 4 5 6 7 9 11 12 | 12.3
Fighting       | 4 5 6 7 9 10 | 10.1
Armour         | |  3.2

Action                   |  1- 3 |  4- 6 |  7- 9 | 10-12 || total
-------------------------+-------+-------+-------+-------++-------
Melee: Flail             |   102 |   116 |   377 |   262 ||   857
       Unarmed           |       |       |       |     1 ||     1
Throw: Dart              |       |       |     2 |       ||     2
Invok: Sacrifice Arcana  |       |       |       |     1 ||     1
  Use: Scroll            |     6 |     1 |     3 |     3 ||    13
       Potion            |     1 |     2 |       |     2 ||     5
  Eat: Chunk             |     2 |     5 |    11 |    10 ||    28
Armor: Scale mail        |    44 |    57 |     8 |       ||   109
       Plate armour      |       |       |   150 |    95 ||   245
Dodge: Dodged            |    37 |    32 |    61 |    36 ||   166
Block: Shield            |    58 |    69 |   182 |   114 ||   423

Table legend:
 A = Non-vault XP
 B = Vault XP
 C = Vault XP percentage of total XP
 D = Non-vault monster count
 E = Vault monster count
 F = Vault count percentage of total count
                 A         B        C        D         E       F
            +---------+---------+-------+---------+---------+-------
      Total |    8354 |    1847 |  18.1 |     164 |      35 |  17.6
            +---------+---------+-------+---------+---------+-------
        D:1 |      16 |       0 |   0.0 |       9 |       0 |   0.0
        D:2 |      36 |       0 |   0.0 |      13 |       0 |   0.0
        D:3 |      96 |      12 |  11.1 |      14 |      10 |  41.7
        D:4 |      77 |     221 |  74.2 |       4 |       7 |  63.6
        D:5 |     366 |       0 |   0.0 |      13 |       0 |   0.0
        D:6 |    1333 |       2 |   0.1 |      29 |       1 |   3.3
        D:7 |     943 |       0 |   0.0 |      23 |       0 |   0.0
        D:8 |    3468 |     469 |  11.9 |      37 |       1 |   2.6
        D:9 |    1934 |     259 |  11.8 |      21 |       1 |   4.5
       D:10 |      85 |       0 |   0.0 |       1 |       0 |   0.0
    Ossuary |       0 |     884 | 100.0 |       0 |      15 | 100.0
            +---------+---------+-------+---------+---------+-------
